 Dungeon Crawl Stone Soup version 0.29.1-2-gbd0b4ee654 (webtiles) character file.

Game seed: 14597025797277690215

60 NinjaNoafa the Sneak (level 3, 0/16 HPs)
             Began as a Spriggan Enchanter on Nov 16, 2022.
             Slain by an orc
             ... wielding a +0 club
              (5 damage)
             ... on level 2 of the Dungeon.
             The game lasted 00:02:40 (2183 turns).

NinjaNoafa the Sneak (Spriggan Enchanter)           Turns: 2183, Time: 00:02:41

Health: 0/16       AC:  2    Str:  4    XL:     3   Next: 82%
Magic:  8/8        EV: 17    Int: 18    God:
Gold:   83         SH:  0    Dex: 15    Spells: 7/8 levels left

rFire   . . .      SeeInvis +   a - +1 dagger
rCold   . . .      Faith    .   (no shield)
rNeg    . . .      Spirit   .   b - +0 robe
rPois   +          Reflect  .   (helmet restricted)
rElec   .          Harm     .   (no cloak)
rCorr   .          Rampage  .   (gloves unavailable)
Will    .....                   (boots unavailable)
Stlth   +++.......              (no amulet)
HPRegen 0.05/turn               d - ring of poison resistance
MPRegen 0.11/turn               (no ring)

@: very quick
A: very small, no large weapons, unfitting armour, see invisible, speed 3
a: no special abilities


You were on level 2 of the Dungeon.
You visited 1 branch of the dungeon, and saw 3 of its levels.

You collected 83 gold pieces.

Inventory:

Hand Weapons
 a - a +1 dagger (weapon)
Missiles
 i - 12 stones
 k - a throwing net
 o - 2 curare-tipped darts
Armour
 b - a +0 robe (worn)
 f - a +0 buckler
Jewellery
 d - a ring of poison resistance (left hand)
Scrolls
 l - a scroll of noise {unknown}
 m - 3 scrolls of teleportation {unknown}
 p - 2 scrolls of identify {unknown}
 q - a scroll of acquirement {unknown}
 r - a scroll of fog {unknown}
 s - a scroll of vulnerability {unknown}
Potions
 c - 3 potions of invisibility
 e - a potion of flight {unknown}
 g - a potion of lignification {unknown}
 h - 3 potions of curing {unknown}
 j - a potion of degeneration {unknown}
 n - a potion of attraction {unknown}


   Skills:
 - Level 3.0 Short Blades
 - Level 2.6 Dodging
 - Level 4.4 Stealth
 - Level 3.0 Spellcasting
 + Level 4.3 Hexes
 + Level 0.8 Ice Magic


You had 7 spell levels left.
You knew the following spells:

 Your Spells              Type           Power      Damage    Failure   Level
a - Slow                  Hex            72%        N/A       2%          1

Your spell library contained the following spells:

 Spells                   Type           Power      Damage    Failure   Level
 Ensorcelled Hibernation  Hex/Ice        24%        N/A       9%          2
 Confusing Touch          Hex            18%        N/A       9%          3
 Tukima's Dance           Hex            18%        N/A       9%          3
 Magic Dart               Conj           8%         1d3       16%         1
 Dazzling Flash           Conj/Hex       20%        N/A       21%         3
 Portal Projectile        Hex/Tloc       20%        N/A       21%         3
 Call Imp                 Summ           2%         N/A       24%         2
 Mephitic Cloud           Conj/Pois/Air  2%         N/A       43%         3
 Vampiric Draining        Necr           2%         2d6       43%         3
 Blade Hands              Tmut           1%         N/A       99%         5


Dungeon Overview and Level Annotations

Branches:
Dungeon (3/15)

Altars:
Vehumet


Innate Abilities, Weirdness & Mutations

You are very small and have problems with some larger weapons.
You are too small for most types of armour.
You have supernaturally acute eyesight. (SInv)
You cover ground extremely quickly. (Speed+++)


Message History

You climb upwards.
There is a stone staircase leading down here.
An orc is nearby!
The orc completely misses you.
You barely miss the orc.
The orc is no longer moving slowly.
You hit the orc.
The orc is moderately wounded.
The orc barely misses you.
You hit the orc but do no damage.
The orc is moderately wounded.
The orc hits you with a +0 club.
* * * LOW HITPOINT WARNING * * *
Casting: Slow (safe; 2% risk of failure)
Confirm with . or Enter, or press ? or * to list all spells.
Aiming: Slow (safe; 2% risk of failure)
Press: ? - help, Shift-Dir - straight line, f - orc
Aim: an orc, wielding a +0 club and wearing a +0 ring mail (moderately wounded, chance to affect: 74%)
The orc seems to slow down.
The orc barely misses you.
You hit the orc but do no damage.
The orc is lightly wounded.
The orc barely misses you.
You closely miss the orc.
The orc is lightly wounded.
You hit the orc.
The orc is heavily wounded.
The orc barely misses you.
You hit the orc but do no damage.
The orc is heavily wounded.
The orc misses you.
You hit the orc but do no damage.
The orc is heavily wounded.
You hit the orc.
The orc is severely wounded.
The orc misses you.
You hit the orc but do no damage. You punch the orc, but do no damage.
The orc is severely wounded.
You hit the orc but do no damage.
The orc is severely wounded.
The orc hits you with a +0 club.
You die...

####.####..######### #####
.###.####..#### ###...#
#..####.......# ###..##.# #####
###..#############..###..## #....
# ###[^#.......#..###...#.###.###
# ##.'..⌠8⌠..'.##......#.##.# #
###..#.......#..###.....###.##
###..#############..###........#
#..### #...# #@###..##.####.##
.### #...# #o#####...# ### ##
#...# #.##..############ #
#####...#####.##.###.# #..<..#
####...........#.##.# #.###.....#
.................##.###.........#
.###...........####....####.....#
.# ###.>....#### #....####.....#
.# #.......# ##........#####


You could see an orc (slow).

Vanquished Creatures
  An orc priest (D:3)
  An adder (D:2)
  2 orcs
  A ball python (D:1)
  A giant cockroach (D:2)
  5 goblins
  A hobgoblin (D:3)
  3 bats (D:2)
  5 frilled lizards
  4 rats (D:1)
24 creatures vanquished.

Notes
Turn   | Place    | Note
-------+----------+-------------------------------------------
     0 | D:1      | NinjaNoafa the Spriggan Enchanter began the quest for the
                  | Orb.
     0 | D:1      | Reached XP level 1. HP: 9/9 MP: 5/5
   565 | D:1      | Reached XP level 2. HP: 13/13 MP: 6/6
  1039 | D:2      | Learned a level 1 spell: Slow
  1245 | D:2      | Found a radiant altar of Vehumet.
  1948 | D:3      | Reached XP level 3. HP: 16/16 MP: 6/8
  2183 | D:2      | Slain by an orc

Illustrated notes

Levels and vault maps discovered:
D:1:      wander_arrival_lonely_grave, layout_basic, interstate_on_off
D:2:      layout_loops_cross, basic_altar, grunt_decor_clamped
D:3:      minmay_recursive_quarters, layout_basic,
          hellmonk_ecumenical_altar_blasted, serial_glass, glass_columns_a,
          glass_columns_b, glass_columns_a, ebering_dispersal_statue_hall,
          nicolae_figureground_pulse, uniq_jessica

Skill      XL: |  1  2 |
---------------+-------+-----
Short Blades   | 2 3 |  3.0
Hexes          | 4 |  4.3
Spellcasting   | 3 |  3.0
Dodging        | |  2.6
Stealth        | |  4.4
Ice Magic      | |  0.8

Action                   || total
-------------------------++-------
Melee: Dagger            ||    86
       Punch             ||     1
 Cast: Slow              ||     8
 Stab: Sleeping          ||    12
Armor: Robe              ||    12
Dodge: Dodged            ||    82
